 Dungeon Crawl Stone Soup version 0.21.1-1-g345015f (webtiles) character file.

114 kae the Firebug (level 4, -10/25 HPs)
             Began as a Tengu Fire Elementalist on June 1, 2018.
             Killed by divine providence
             ... invoked by an orc priest
              (13 damage)
             ... on level 3 of the Dungeon.
             The game lasted 00:03:10 (2809 turns).

kae the Firebug (Tengu Fire Elementalist)           Turns: 2809, Time: 00:03:11

Health: -10/25     AC:  3    Str:  9    XL:     4   Next: 97%
Magic:  3/8        EV: 13    Int: 16    God:
Gold:   97         SH:  0    Dex: 14    Spells: 2/8 levels left

rFire    . . .     SeeInvis .   l - +3 quarterstaff
rCold    . . .     Gourm    .   (shield currently unavailable)
rNeg     . . .     Faith    .   a - +0 robe
rPois    .         Spirit   .   (helmet restricted)
rElec    .         Reflect  .   (no cloak)
rCorr    .         Harm     .   f - +0 pair of gloves
MR       .....                  (boots unavailable)
Stlth    ++........             (no amulet)
HPRegen  0.08/turn              (no ring)
MPRegen  0.11/turn              (no ring)

@: no status effects
A: beak, talons 3
a: no special abilities


You were on level 3 of the Dungeon.
You were not hungry.

You visited 1 branch of the dungeon, and saw 3 of its levels.

You collected 97 gold pieces.

Inventory:

Hand Weapons
 l - a +3 quarterstaff (weapon)
Armour
 a - a +0 robe (worn)
 f - a +0 pair of gloves (worn)
Magical Staves
 m - an uncursed staff of earth
Scrolls
 o - a scroll of teleportation
Potions
 d - 2 potions of invisibility
 e - a potion of flight {unknown}
 i - a potion of heal wounds {unknown}
 p - 2 potions of brilliance
Books
 b - a book of Flames

   Spells                             Type                      Level
   a - Flame Tongue                   Conjuration/Fire             1
   b - Throw Flame                    Conjuration/Fire             2
   c - Conjure Flame                  Conjuration/Fire             3
   d - Inner Flame                    Hexes/Fire                   3
   e - Sticky Flame                   Conjuration/Fire             4
   f - Fireball                       Conjuration/Fire             5
Comestibles
 c - 3 rations


   Skills:
 + Level 1.4 Fighting
 + Level 2.9 Dodging
 - Level 2.0 Stealth
 + Level 2.5 Spellcasting
 + Level 2.6 Conjurations
 * Level 4.4 Fire Magic


You had 2 spell levels left.
You knew the following spells:

 Your Spells              Type           Power        Failure   Level  Hunger
a - Flame Tongue          Conj/Fire      ##...        4%          1    #......
b - Throw Flame           Conj/Fire      ##....       7%          2    ##.....
c - Conjure Flame         Conj/Fire      ##......     14%         3    ###....


Dungeon Overview and Level Annotations

Branches:
Dungeon (3/15)

Altars:
Dithmenos

Annotations:
D:3 Sigmund


Innate Abilities, Weirdness & Mutations

You have a beak for a mouth.
You have claws for feet.


Message History

The orc is moderately wounded.
The orc priest hits you but does no damage.
Casting: Flame Tongue
Confirm with . or Enter, or press ? or * to list all spells.
Aiming: Flame Tongue
Press: ? - help, Shift-Dir - straight line, f/p - orc
Aim: an orc, wielding a whip and wearing a chain mail (moderately wounded)
The flame tongue hits the orc.
The orc is severely wounded.
Sigmund casts a spell.
Sigmund flickers and vanishes!
Deactivating autopickup; reactivate with Ctrl-A.
The orc barely misses you.
The orc priest hits you from afar with a trident.
* * * LOW HITPOINT WARNING * * *
Okay, then.
The orc priest invokes the aid of Beogh against you.
Beogh smites you!
Ouch! That really hurt!
You die...

....##.#
....##.##.#...#.#
....##.##.....#.#########
...†....##....#.#.......#
.#####..##....#.#........
.#......(.....#.#........
.#+###..##..#.#.#........
........##...............
................@o.......
.†.....####.#.###.†......
......#####.#.# ##)#####.
#.............# .o.
#.....#####...# .....
#.....### #...# .....#
##+#....# #.#># +#...#
####.###.### .#.#
#<.....#. ....


You could see an orc priest and an orc.

Vanquished Creatures
  Robin (D:3)
  2 adders (D:2)
  An ooze (D:1)
  A worm (D:2)
  3 dart slugs
  7 orcs (D:3)
  2 giant cockroaches
  13 goblins
  4 hobgoblins
  2 jackals (D:1)
  5 kobolds
  2 quokkas
  2 ball pythons
  5 bats
  4 frilled lizards (D:2)
  10 rats
64 creatures vanquished.

Notes
Turn   | Place    | Note
-------+----------+-------------------------------------------
     0 | D:1      | kae the Tengu Fire Elementalist began the quest for the Orb.
     0 | D:1      | Reached XP level 1. HP: 10/10 MP: 4/4
   138 | D:1      | Reached XP level 2. HP: 16/16 MP: 3/6
   525 | D:1      | Reached XP level 3. HP: 16/20 MP: 4/7
   961 | D:2      | Learned a level 2 spell: Throw Flame
   965 | D:2      | Learned a level 3 spell: Conjure Flame
  1004 | D:2      | Found a shadowy altar of Dithmenos.
  1035 | D:2      | Reached skill level 1 in Fighting
  1508 | D:2      | Reached skill level 4 in Fire Magic
  1674 | D:2      | Reached XP level 4. HP: 25/25 MP: 6/8
  1991 | D:3      | Noticed Robin
  2513 | D:3      | Killed Robin
  2804 | D:3      | Noticed Sigmund
  2809 | D:3      | Killed from afar by an orc priest

Skill      XL: |  1  2  3 |
---------------+----------+-----
Conjurations   | 2 |  2.6
Fighting       | 1 |  1.4
Fire Magic     | 4 |  4.4
Dodging        | |  2.9
Stealth        | |  2.0
Spellcasting   | |  2.5

Action                   |  1- 3 |  4- 6 || total
-------------------------+-------+-------++-------
Melee: Unarmed           |     4 |       ||     4
       Staff             |    17 |     5 ||    22
       Kick              |     3 |     1 ||     4
       Peck              |     1 |     2 ||     3
       Quarterstaff      |       |    13 ||    13
 Cast: Flame Tongue      |    62 |    44 ||   106
  Use: Scroll            |       |     8 ||     8
 Stab: Sleeping          |     1 |     1 ||     2
  Eat: Chunk             |     3 |     4 ||     7
Armor: Robe              |     7 |    14 ||    21
Dodge: Dodged            |    29 |    52 ||    81
